 Dungeon Crawl Stone Soup version 0.21.0 (webtiles) character file.

3661 Gorglomux the Covered (level 9, -8/123 HPs)
             Began as a Deep Dwarf Fighter on Jan 5, 2018.
             Was a Believer of Makhleb.
             Mangled by a death yak (14 damage)
             ... on level 8 of the Dungeon.
             The game lasted 00:04:48 (4565 turns).

Gorglomux the Covered (Deep Dwarf Fighter)          Turns: 4565, Time: 00:04:49

Health: -8/123     AC: 16    Str: 28    XL:     9   Next: 89%
Magic:  10/10      EV: 15    Int:  9    God:    Makhleb [**....]
Gold:   181        SH: 13    Dex: 17    Spells: 8/8 levels left

rFire    + . .     SeeInvis .   a - +0 war axe
rCold    . . .     Gourm    .   c - +1 shield
rNeg     . . .     Faith    .   V - +0 plate armour
rPois    .         Spirit   .   (no helmet)
rElec    .         Reflect  .   (no cloak)
rCorr    .         Harm     .   z - +2 pair of gloves
MR       +....                  (no boots)
Stlth    ..........             (no amulet)
HPRegen  0.00/turn              f - ring of protection from fire
MPRegen  0.12/turn              (no ring)

@: agile, berserking (expiring), non-regenerating, very quick
A: damage resistance, heal wounds, sense surroundings 2, no regeneration
a: Heal Wounds, Minor Destruction, Renounce Religion


You were on level 8 of the Dungeon.
You worshipped Makhleb.
Makhleb was pleased with you.
You were very hungry.

You visited 2 branches of the dungeon, and saw 10 of its levels.

You collected 481 gold pieces.
You spent 300 gold pieces at shops.

Inventory:

Hand Weapons
 a - a +0 war axe (weapon)
Armour
 c - a +1 shield (worn)
 z - a +2 pair of gloves (worn)
 V - a +0 plate armour (worn)
Jewellery
 f - a ring of protection from fire (left hand)
Wands
 A - a wand of acid (9)
 E - a wand of enslavement (17)
 O - a wand of clouds (4)
 P - a wand of paralysis (12)
Scrolls
 n - 2 scrolls of amnesia {unknown}
 s - 4 scrolls of remove curse
 t - 2 scrolls of blinking {unknown}
 w - a scroll of fear {unknown}
 x - a scroll of random uselessness {unknown}
 K - a scroll of fog {unknown}
 M - 4 scrolls of magic mapping
 R - a scroll of identify
 T - 3 scrolls of teleportation
 W - a scroll of enchant weapon {unknown}
Potions
 i - a potion of brilliance {unknown}
 j - 2 potions of flight
 l - 3 potions of haste
 m - a potion of magic {unknown}
 o - a potion of agility
 u - a potion of lignification
 N - a potion of heal wounds {unknown}
 Q - 2 potions of curing
 U - a potion of mutation {unknown}
 Z - 2 potions of resistance
Books
 S - a book of Misfortune

   Spells                             Type                      Level
   a - Confusing Touch                Hexes                        1
   b - Confuse                        Hexes                        3
   c - Gell's Gravitas                Translocation                3
   d - Petrify                        Transmutation/Earth          4
   e - Metabolic Englaciation         Hexes/Ice                    5
   f - Yara's Violent Unravelling     Hexes/Transmutation          5
 X - a book of Frost

   Spells                             Type                      Level
   a - Freeze                         Ice                          1
   b - Throw Frost                    Conjuration/Ice              2
   c - Ozocubu's Armour               Charms/Ice                   3
   d - Throw Icicle                   Conjuration/Ice              4
   e - Summon Ice Beast               Ice/Summoning                4
 Y - a book of Geomancy

   Spells                             Type                      Level
   a - Sandblast                      Earth                        1
   b - Passwall                       Transmutation/Earth          2
   c - Stone Arrow                    Conjuration/Earth            3
   d - Petrify                        Transmutation/Earth          4
   e - Lee's Rapid Deconstruction     Earth                        5
Comestibles
 L - 15 rations


   Skills:
 + Level 6.2 Fighting
 + Level 7.0 Axes
 + Level 7.4 Armour
 + Level 6.5 Dodging
 + Level 7.4 Shields
 + Level 4.9 Invocations


You had 8 spell levels left.
You didn't know any spells.

Dungeon Overview and Level Annotations

Branches:
Dungeon (9/15)             Temple (1/1) D:5            Lair (0/6) D:9
    Orc: D:9-12

Altars:
Cheibriados
Dithmenos
Elyvilon
Gozag
Makhleb
Trog
Vehumet
Wu Jian
Yredelemnul
Zin
The Shining One

Shops:
D:7 =:   D:8 %


Innate Abilities, Weirdness & Mutations

You are resistant to damage.
You can heal yourself by infusing magical energy.
You passively map the area around you.
You do not regenerate.


Message History

* * * don't die
* * * Unknown command!
You shave the death yak!
The death yak is butt dead!
You butt the butt!!!
You shave the death yak! x2
The yak gores you but does no damage!
The death yak gores you but does no damage!
You block the death yak's attack!
The death yak gores you! * * * don't die
* * * Your shield and plate armour prevent you from hitting the death yak!
The death yak is almost dead!
You shave the death yak!!!
Your shield and plate armour prevent you from hitting the death yak!
You barely miss the butt! The yak barely misses you!
Unknown command!
Unknown command!
You shave the death yak but butt no damage!
The death yak is almost dead!
You shave the death yak! x2; You shave the yak!!!
The death yak gores you!!! rip

....# #....# ....####....#
####### ............# #.....#
....###.....### #.###.#
..............###.# #.#
....####....#.....###.#
...(....#.............#
..#.##########.###########
...............Y@#.......###
....#.#####.##.YYY..)......#
..###...###.##..r.......^..######
..<.......#.###..#.........#.....
.#.########.###..#.#####.###.####
.#...........##..#.# #.# #.# #
.#..########.###.#.# #.###.# #
....#............#.# #.....# #
##.##.####.#.###...# #######


You could see 3 death yaks, a yak and a quokka.

Vanquished Creatures
  A two-headed ogre (D:8)
  A hippogriff (D:8)
  4 yaks (D:8)
  A hungry ghost (D:6)
  Edmund (D:4)
  An ice beast (D:7)
  3 sky beasts
  A black bear (D:6)
  A phantom (D:5)
  A centaur (D:4)
  4 bullfrogs
  4 scorpions
  2 bullfrog zombies
  3 crimson imps
  A quasit (D:8)
  A gnoll shaman (D:4)
  4 hounds
  3 jellies
  3 bullfrog skeletons
  A centaur skeleton (D:4)
  An iguana (D:4)
  6 worker ants
  A howler monkey skeleton (D:7)
  7 gnolls
  11 adders
  2 oozes (D:2)
  An adder zombie (D:6)
  2 worms (D:4)
  3 leopard geckos
  10 orcs
  A ball python (D:2)
  5 giant cockroaches
  8 goblins
  5 hobgoblins
  5 jackals
  3 quokkas
  2 bats
  4 frilled lizards
  8 kobolds
  A leopard gecko zombie (D:5)
  A quokka skeleton (D:7)
  4 rats
132 creatures vanquished.

Notes
Turn   | Place    | Note
-------+----------+-------------------------------------------
     0 | D:1      | Gorglomux the Deep Dwarf Fighter began the quest for the Orb.
     0 | D:1      | Reached XP level 1. HP: 20/20 MP: 1/1
   621 | D:2      | Reached XP level 2. HP: 24/27 MP: 2/2
   733 | D:2      | Reached skill level 1 in Dodging
   879 | D:2      | Reached XP level 3. HP: 23/33 MP: 3/3
   938 | D:2      | Reached skill level 3 in Fighting
  1403 | D:3      | Reached XP level 4. HP: 42/42 MP: 4/4
  1576 | D:3      | Found an opulent altar of Gozag.
  1729 | D:4      | Reached skill level 3 in Axes
  1740 | D:4      | Reached XP level 5. HP: 24/49 MP: 5/5
  1746 | D:4      | Reached XP level 6. HP: 43/56 MP: 6/6
  1828 | D:4      | Found a glowing golden altar of the Shining One.
  1930 | D:4      | Reached skill level 3 in Dodging
  1959 | D:4      | Noticed Edmund
  1981 | D:4      | Killed Edmund
  1981 | D:4      | Reached XP level 7. HP: 54/64 MP: 6/6
  2000 | D:4      | Found a basalt altar of Yredelemnul.
  2162 | D:5      | Entered Level 5 of the Dungeon
  2212 | D:5      | Found a staircase to the Ecumenical Temple.
  2252 | Temple   | Entered the Ecumenical Temple
  2363 | Temple   | Became a worshipper of Makhleb the Destroyer
  2610 | D:5      | Reached XP level 8. HP: 43/73 MP: 7/7
  3188 | D:6      | Reached * piety under Makhleb
  3226 | D:6      | Reached skill level 6 in Armour
  3226 | D:6      | Reached skill level 6 in Shields
  3539 | D:7      | Reached skill level 1 in Invocations
  3646 | D:7      | Found Oliyrch's Book Shoppe.
  3701 | D:7      | Reached skill level 6 in Axes
  3738 | D:7      | Found Limufun's Jewellery Shop.
  3752 | D:7      | Gained mutation: You passively map the area around you. [Deep Dwarf growth]
  3752 | D:7      | Reached XP level 9. HP: 42/81 MP: 9/9
  3770 | D:7      | Bought an uncursed ring of protection from fire for 300 gold pieces
  4303 | D:8      | Found a glowing silver altar of Zin.
  4303 | D:8      | Found a bloodstained altar of Trog.
  4334 | D:8      | Reached skill level 3 in Invocations
  4412 | D:8      | Found Coar's Food Shop.
  4516 | D:9      | Found a snail-covered altar of Cheibriados.
  4516 | D:9      | Found a radiant altar of Vehumet.
  4518 | D:9      | Noticed a death yak
  4520 | D:9      | Noticed a death yak
  4521 | D:9      | Noticed a two-headed ogre
  4537 | D:8      | Reached skill level 6 in Dodging
  4541 | D:8      | Reached ** piety under Makhleb
  4546 | D:9      | Noticed a death yak
  4562 | D:8      | Killed a two-headed ogre
  4562 | D:8      | Reached skill level 6 in Fighting
  4563 | D:8      | HP: 6/123 [death yak (3)]
  4565 | D:8      | Mangled by a death yak

Skill      XL: |  1  2  3  4  5  6  7  8  9 |
---------------+----------------------------+-----
Dodging        | 1 2 3 4 5 6 |  6.5
Fighting       | 3 4 5 6 |  6.2
Axes           | 3 4 5 6 7 |  7.0
Armour         | 4 5 6 7 |  7.4
Shields        | 4 5 6 7 |  7.4
Invocations    | 2 4 |  4.9

Action                   |  1- 3 |  4- 6 |  7- 9 || total
-------------------------+-------+-------+-------++-------
Melee: War axe           |   121 |   133 |   393 ||   647
 Abil: Heal Wounds       |     1 |     8 |     9 ||    18
  Use: Potion            |       |     3 |     2 ||     5
       Scroll            |       |       |    13 ||    13
  Eat: Chunk             |     2 |     2 |     8 ||    12
       Ration            |       |       |     2 ||     2
Armor: Scale mail        |    59 |       |       ||    59
       Chain mail        |     1 |   114 |    64 ||   179
       Plate armour      |       |       |   208 ||   208
Dodge: Dodged            |    44 |    68 |   155 ||   267
Block: Shield            |    75 |   124 |   280 ||   479
